 Dungeon Crawl Stone Soup version 0.30.0-5-g1a98f26d00 (webtiles) character file.

Game seed: 335215170553194954

543 H0rd4k the Cudgeller (level 7, 0/51 HPs)
             Began as a Human Artificer on May 10, 2023.
             Was an Initiate of Gozag.
             Succumbed to a scorpion's poison
             ... on level 5 of the Dungeon.
             The game lasted 00:04:54 (4235 turns).

H0rd4k the Cudgeller (Human Artificer)              Turns: 4235, Time: 00:04:55

Health: 0/51       AC:  7    Str: 12    XL:     7   Next: 52%
Magic:  7/7        EV: 11    Int: 14    God:    Gozag
Gold:   556        SH:  0    Dex: 13    Spells: 6/6 levels left

rFire   . . .        k - +4 flail
rCold   + . .        (no shield)
rNeg    . . .        p - +1 ring mail {rC+}
rPois   .            (no helmet)
rElec   .            (no cloak)
rCorr   +            (no gloves)
SInv    .            (no boots)
Will    .....        (no amulet)
Stlth   +            n - ring of resist corrosion
HPRegen 0.28/turn    (no ring)
MPRegen 0.10/turn

%: no passive effects
@: lethally poisoned (0 -> -9), gold aura
A: shaggy fur 1, evolution 1, sturdy frame 1
a: Renounce Religion, Potion Petition, Call Merchant, Bribe Branch


You were on level 5 of the Dungeon.
You worshipped Gozag.
Gozag was pleased with you.
You visited 1 branch of the dungeon, and saw 5 of its levels.

You collected 620 gold pieces.
You paid 64 gold pieces to Gozag.

Inventory:

Hand Weapons
 b - a +2 flail of freezing
 k - a +4 flail (weapon)
Missiles
 u - 4 javelins (quivered)
Armour
 p - a +1 ring mail of cold resistance (worn)
Jewellery
 n - a ring of resist corrosion (left hand)
 t - a ring of positive energy
Wands
 c - a wand of flame (9)
 d - a wand of charming (11)
 e - a wand of iceblast (3)
 h - a wand of polymorph (9)
Scrolls
 f - 3 scrolls of teleportation
 o - 5 scrolls of fear
 s - a scroll of torment
Potions
 a - a potion of mutation
 g - 2 potions of haste {unknown}
 i - a potion of lignification {unknown}
 j - a potion of ambrosia {unknown}
 l - 2 potions of degeneration {unknown}
 m - a potion of curing {unknown}
 q - a potion of heal wounds {unknown}


   Skills:
 + Level 2.7 Fighting
 + Level 5.0 Maces & Flails
 + Level 2.1 Throwing
 - Level 2.0 Armour
 + Level 2.4 Dodging
 + Level 1.4 Stealth
 + Level 4.1 Evocations


You had 6 spell levels left.
You didn't know any spells.
Your spell library contained the following spells:

 Spells                   Type           Power      Damage    Failure   Level
 Call Canine Familiar     Summ           0%         N/A       77%         3
 Inner Flame              Hex/Fire       0%         N/A       77%         3
 Portal Projectile        Hex/Tloc       0%         N/A       77%         3
 Leda's Liquefaction      Hex/Erth       0%         N/A       99%         4
 Yara's Violent Unravell  Hex/Tmut       0%         3d3       100%        5
 Enfeeble                 Hex            0%         N/A       100%        7


Dungeon Overview and Level Annotations

Branches:
Dungeon (5/15)
 Temple: D:4-7

Altars:
Cheibriados
Fedhas
Gozag
Ru
Sif Muna


Innate Abilities, Weirdness & Mutations

You are covered in fur. (AC +1)
You have hidden genetic potential.
Your movements are slightly less encumbered by armour. (ER -2)


Message History

You feel very sick. The hound closely misses you.
The scorpion stings you but does no damage.
The hound closely misses you.
You hit the hound.
You kill the hound!
You feel sick. The scorpion stings you.
Your Maces & Flails skill increases to level 5!
You are too injured to fight recklessly!
You are too injured to fight recklessly!
You are too injured to fight recklessly!
You are too injured to fight recklessly!
You are too injured to fight recklessly!
You hit the scorpion but do no damage.
You feel sick. The scorpion stings you.
You are more poisoned.
The scorpion poisons you! The scorpion barely misses you.
You completely miss the scorpion.
You feel very sick. The scorpion misses you.
You barely miss the scorpion.
You feel sick. The scorpion completely misses you. The scorpion stings you.
* * * LOW HITPOINT WARNING * * *
You are lethally poisoned!
The scorpion poisons you!
You closely miss the scorpion.
* * * LOW HITPOINT WARNING * * *
You feel very sick. The scorpion barely misses you.
You hit the scorpion.
The scorpion is moderately wounded.
* * * LOW HITPOINT WARNING * * *
You feel very sick.
The scorpion stings you but does no damage.
Unknown command.
It was a potion of mutation.
You feel extremely strange.
You feel less encumbered by your armour.
Fur sprouts all over your body.
You feel a hidden potential growing inside you.
You die...
Your body crumbles into a pile of gold.

.........# #........#
#........# #......###
##........# #.........
.........# +.......#
#.......#
#.......#######.......#
#.......#.....#.$s....#
........#.##.##.@.....#
........#<))..#$......#
........#.####....#####
........#.........#
........#####.....#
..................#####
....)..#####..........#
.......# ###..........#
##..######............#


You could see a scorpion.

Vanquished Creatures
  A phantom (D:4)
  2 wights (D:5)
  A hound (D:5)
  A gnoll bouda (D:5)
  2 orc priests
  A sleepcap (D:5)
  An iguana (D:5)
  An orc wizard (D:5)
  3 gnolls (D:5)
  5 adders
  A worm (D:2)
  3 dart slugs
  8 orcs
  4 ball pythons
  2 bats (D:2)
  4 endoplasms
  2 giant cockroaches
  6 goblins
  9 hobgoblins
  4 jackals (D:4)
  2 quokkas (D:2)
  4 frilled lizards
  6 kobolds
  3 rats
76 creatures vanquished.

Vanquished Creatures (others)
  A wight (D:5)
  A gnoll (D:5)
2 creatures vanquished.

Grand Total: 78 creatures vanquished

Notes
Turn   | Place    | Note
-------+----------+-------------------------------------------
     0 | D:1      | H0rd4k the Human Artificer began the quest for the Orb.
     0 | D:1      | Reached XP level 1. HP: 15/15 MP: 1/1
   147 | D:1      | Reached XP level 2. HP: 21/21 MP: 2/2
  1049 | D:2      | Reached XP level 3. HP: 26/26 MP: 3/3
  1065 | D:2      | You fall into a shaft and drop 2 floors!
  1080 | D:3      | Found an opulent altar of Gozag.
  1139 | D:3      | Became a worshipper of Gozag Ym Sagoz the Greedy
  1230 | D:3      | Reached skill level 1 in Maces & Flails
  1676 | D:3      | Found a shimmering blue altar of Sif Muna.
  1683 | D:3      | Found a blossoming altar of Fedhas.
  1688 | D:3      | Found a sacrificial altar of Ru.
  2331 | D:2      | Reached XP level 4. HP: 27/32 MP: 4/4
  2376 | D:2      | Reached skill level 2 in Maces & Flails
  2967 | D:4      | Noticed a phantom
  2976 | D:4      | Killed a phantom
  2977 | D:4      | Reached skill level 3 in Maces & Flails
  2977 | D:4      | Reached XP level 5. HP: 38/38 MP: 5/5
  3277 | D:4      | Reached XP level 6. HP: 44/44 MP: 6/6
  3548 | D:5      | Entered Level 5 of the Dungeon
  3622 | D:5      | Reached skill level 4 in Maces & Flails
  3622 | D:5      | Reached skill level 1 in Throwing
  3649 | D:5      | Found a snail-covered altar of Cheibriados.
  3834 | D:5      | Reached XP level 7. HP: 37/51 MP: 7/7
  4230 | D:5      | Reached skill level 5 in Maces & Flails
  4234 | D:5      | HP: 1/51 [poisoned by a scorpion]
  4235 | D:5      | Gained mutation: Your movements are slightly less
                  | encumbered by armour. (ER -2) [potion of mutation]
  4235 | D:5      | Gained mutation: You are covered in fur. (AC +1) [potion of
                  | mutation]
  4235 | D:5      | Gained mutation: You have hidden genetic potential. [potion
                  | of mutation]
  4235 | D:5      | Succumbed to a scorpion's poison

Illustrated notes

Levels and vault maps discovered:
D:1:      dpeg_arrival_rooms_a, layout_loops_ring
D:2:      layout_loops_corners, serial_aquarium, aquarium_bridge_straight
          [aquarium_subvault_bridge, aquarium_subvault_window,
          aquarium_subvault_bridge, aquarium_subvault_window],
          aquarium_bridge_island_small [aquarium_subvault_small_water,
          aquarium_subvault_wall, aquarium_subvault_bridge,
          aquarium_subvault_wall, aquarium_subvault_bridge], aquarium_window_1,
          aquarium_window_1, aquarium_view_4, aquarium_pool_corner,
          minmay_tetromino_t4
D:3:      layout_loops_ring, nicolae_gozag_seed_capital,
          grunt_temple_overflow_diamond
D:4:      layout_cave_pools
D:5:      layout_basic, chequers_temple_overflow_statue_of_worship

Skill      XL: |  1  2  3  4  5  6  7 |
---------------+----------------------+-----
Maces & Flails | 1 3 4 5 |  5.0
Fighting       | 2 |  2.7
Dodging        | 2 |  2.4
Throwing       | 1 2 |  2.1
Evocations     | 4 |  4.1
Armour         | |  2.0
Stealth        | |  1.4

Action                     |  1- 3 |  4- 6 |  7- 9 || total
---------------------------+-------+-------+-------++-------
  Melee: Club              |    56 |       |       ||    56
         Punch             |     3 |       |     1 ||     4
         Flail             |    65 |    80 |    44 ||   189
  Throw: Javelin           |       |    20 |       ||    20
  Evoke: Wand              |       |    10 |     2 ||    12
    Use: Scroll            |       |     5 |       ||     5
         Potion            |       |       |     1 ||     1
 Armour: Leather armour    |    35 |       |       ||    35
         Ring mail         |    14 |    31 |    12 ||    57
  Dodge: Dodged            |    81 |    39 |    25 ||   145
